 Dungeon Crawl Stone Soup version 0.23.2-40-g277498a001 (webtiles) character file.

Game seed: 3790250103762918642

208830 FishyPogo the Martial Artist (level 18, -10/141 HPs)
             Began as a Gnoll Transmuter on Sept 15, 2019.
             Was a High Priest of Nemelex Xobeh.
             Mangled by a stone giant (31 damage)
             ... in a wizard's laboratory on Sept 20, 2019.
             The game lasted 04:36:04 (31193 turns).

FishyPogo the Martial Artist (Gnoll Transmuter)    Turns: 31193, Time: 04:36:04

Health: -10/141    AC: 14    Str: 19      XL:     18   Next: 80%
Magic:  29/35      EV: 18    Int: 15 (16) God:    Nemelex Xobeh [*****.]
Gold:   2495       SH: 17    Dex: 18      Spells: 9/43 levels left

rFire    . . .     SeeInvis +   j - +12 Vampire's Tooth {vamp}
rCold    + + .     Gourm    .   Q - +4 shield
rNeg     . . .     Faith    .   b - +2 scale mail "Muqucrack" {rElec MR+++ Int-4 Dex-4}
rPois    +         Spirit   .   Z - +0 helmet of Vanity {Str+2} (curse)
rElec    +         Reflect  .   t - +0 cloak {rPois}
rCorr    .         Harm     .   (no gloves)
MR       ++++.                  (boots currently unavailable)
Stlth    ++++......             M - amulet of regeneration
HPRegen  0.73/turn              v - +4 ring of strength
MPRegen  0.24/turn              n - ring "Xaub" {rC++ Str-2 Int+5 SInv}

@: about to teleport, appendage
A: distributed training, fangs 1, talons 3, no potion heal 1, strong nose
}: 1/15 runes: gossamer
a: End Transformation, Draw Escape, Draw Destruction, Draw Summoning, Triple
Draw, Deal Four, Stack Five, Renounce Religion


You were in a wizard's laboratory.
You worshipped Nemelex Xobeh.
Nemelex Xobeh was extremely pleased with you.
You were not hungry.
You had grown temporary talons.
You visited 6 branches of the dungeon, and saw 31 of its levels.
You also visited: Wizlab.

You collected 3426 gold pieces.
You spent 931 gold pieces at shops.

Inventory:

Hand Weapons
 j - the +12 Vampire's Tooth (weapon) {vamp}
   (You found it on level 12 of the Dungeon)

   It inflicts no extra harm, but heals its wielder when it wounds a living foe.
Missiles
 c - 810 stones
 A - 8 javelins
 E - 5 javelins of penetration (quivered)
 J - 3 throwing nets
 L - 4 exploding tomahawks
 N - 6 silver tomahawks
Armour
 b - the +2 scale mail "Muqucrack" (worn) {rElec MR+++ Int-4 Dex-4}
   (You found it on level 3 of the Spider Nest)

   It affects your intelligence (-4).
   It affects your dexterity (-4).
   It insulates you from electricity.
   It affects your resistance to hostile enchantments.
 o - the +5 scale mail of the Wild Haggis {rN+ Str+4 Dex+2}
   (You found it on level 1 of the Lair of Beasts)

   It affects your strength (+4).
   It affects your dexterity (+2).
   It protects you from negative energy.
 t - a +0 cloak of poison resistance (worn)
 w - a scarf of repulsion
 Q - a +4 shield (worn)
 Z - the cursed +0 helmet of Vanity (worn) {Str+2}
   (You found it on level 15 of the Dungeon)

   It affects your strength (+2).
   It has a curse placed upon it.
Jewellery
 n - the ring "Xaub" (right hand) {rC++ Str-2 Int+5 SInv}
   (You found it in a wizard's laboratory)

   [ring of see invisible]

   It affects your strength (-2).
   It affects your intelligence (+5).
   It greatly protects you from cold.
   It lets you see invisible.
 v - a +4 ring of strength (left hand)
 C - an uncursed ring of positive energy
 M - an amulet of regeneration (around neck)
Wands
 q - a wand of paralysis (23)
 r - a wand of iceblast (6)
 G - a wand of digging (6)
 S - a wand of enslavement (8)
 Y - a wand of acid (8)
Scrolls
 a - 2 scrolls of fog
 e - 2 scrolls of enchant weapon
 h - 13 scrolls of remove curse
 i - 4 scrolls of blinking
 k - 9 scrolls of identify
 p - 2 scrolls of teleportation
 y - 2 scrolls of enchant armour
 B - 2 scrolls of holy word {unknown}
 D - 2 scrolls of fear
 O - 4 scrolls of vulnerability
 P - 4 scrolls of magic mapping
 V - a scroll of summoning
 W - 2 scrolls of immolation
Potions
 f - 3 potions of magic
 g - 10 potions of curing
 l - 6 potions of lignification
 m - 5 potions of heal wounds
 s - 3 potions of brilliance
 u - 4 potions of resistance
 x - 2 potions of flight
 z - 3 potions of agility
 F - 5 potions of mutation
 I - 6 potions of might
 K - 2 potions of haste
 T - 3 potions of ambrosia
 X - 2 potions of berserk rage
Miscellaneous
 H - a lamp of fire (inert)
 U - a phial of floods (inert)
Comestibles
 d - 60 rations


   Skills:
 + Level 12.4 Fighting
 + Level 12.2 Short Blades
 + Level 12.2 Long Blades
 + Level 12.2 Axes
 + Level 12.2 Maces & Flails
 + Level 12.2 Polearms
 + Level 12.2 Staves
 + Level 12.2 Slings
 + Level 12.2 Bows
 + Level 12.2 Crossbows
 + Level 12.2 Throwing
 + Level 12.2 Armour
 + Level 12.9 Dodging
 + Level 12.2 Stealth
 + Level 12.2 Shields
 + Level 13.5 Unarmed Combat
 + Level 13.0 Spellcasting
 + Level 10.4 Conjurations
 + Level 10.4 Hexes
 + Level 10.4 Charms
 + Level 10.4 Summonings
 + Level 10.4 Necromancy
 + Level 10.4 Translocations
 + Level 11.1 Transmutations
 + Level 10.4 Fire Magic
 + Level 10.4 Ice Magic
 + Level 10.4 Air Magic
 + Level 10.4 Earth Magic
 + Level 10.4 Poison Magic
 + Level 13.2 Invocations
 + Level 12.2 Evocations


You had 9 spell levels left.
You knew the following spells:

 Your Spells              Type           Power        Failure   Level  Hunger
a - Ensorcelled Hibernat  Hex/Ice        #####.       1%          2    None
b - Animate Dead          Necr           N/A          3%          4    ##.....
c - Mephitic Cloud        Conj/Pois/Air  #####...     1%          3    None
d - Beastly Appendage     Tmut           #####.       1%          1    None
e - Spider Form           Tmut/Pois      #####.....   1%          3    None
f - Tukima's Dance        Hex            #####...     1%          3    None
g - Regeneration          Chrm/Necr      #####.....   1%          3    None
h - Animate Skeleton      Necr           N/A          1%          1    None
i - Sticks to Snakes      Tmut           #####...     1%          2    None
j - Olgreb's Toxic Radia  Pois           #####...     3%          4    ##.....
k - Sticky Flame          Conj/Fire      #####...     3%          4    ##.....
l - Summon Lightning Spi  Summ/Air       #####...     3%          4    ##.....

Your spell library contained the following spells:

 Spells                   Type           Power        Failure   Level  Hunger
 Confusing Touch          Hex            #####.       1%          1    None
 Corona                   Hex            #####..      1%          1    None
 Flame Tongue             Conj/Fire      #####        1%          1    None
 Magic Dart               Conj           ####         1%          1    None
 Pain                     Necr           ####         1%          1    None
 Sting                    Conj/Pois      ####         1%          1    None
 Summon Small Mammal      Summ           ####         1%          1    None
 Blink                    Tloc           N/A          1%          2    None
 Call Imp                 Summ           #####...     1%          2    None
 Passwall                 Tmut/Erth      #####...     1%          2    None
 Poisonous Vapours        Pois/Air       #####.       1%          2    None
 Slow                     Hex            #####...     1%          2    None
 Swiftness                Chrm/Air       #####...     1%          2    None
 Throw Flame              Conj/Fire      #####.       1%          2    None
 Call Canine Familiar     Summ           #####...     1%          3    None
 Confuse                  Hex            #####...     1%          3    None
 Conjure Flame            Conj/Fire      #####...     1%          3    None
 Dazzling Spray           Conj/Hex       #####.       1%          3    None
 Gell's Gravitas          Tloc           #####.....   1%          3    None
 Inner Flame              Hex/Fire       #####...     1%          3    None
 Summon Guardian Golem    Hex/Summ       #####...     1%          3    None
 Vampiric Draining        Necr           #####.....   1%          3    None
 Ice Form                 Ice/Tmut       #####...     2%          4    ##.....
 Petrify                  Tmut/Erth      #####...     2%          4    ##.....
 Leda's Liquefaction      Hex/Erth       #####.....   3%          4    ##.....
 Passage of Golubria      Tloc           N/A          3%          4    ##.....
 Summon Ice Beast         Ice/Summ       #####...     3%          4    ##.....
 Blade Hands              Tmut           #####.....   7%          5    #####..
 Yara's Violent Unravell  Hex/Tmut       #####.....   8%          5    #####..
 Bolt of Magma            Conj/Fire/Erth #####.....   9%          5    #####..
 Fireball                 Conj/Fire      #####.....   9%          5    #####..
 Iskenderun's Battlesphe  Conj/Chrm      #####...     9%          5    #####..
 Lee's Rapid Deconstruct  Erth           #####.....   9%          5    #####..
 Metabolic Englaciation   Hex/Ice        #####.....   9%          5    #####..
 Venom Bolt               Conj/Pois      #####.....   9%          5    #####..
 Statue Form              Tmut/Erth      #####....    41%         6    ######.
 Darkness                 Hex            #####.....   43%         6    ######.
 Invisibility             Hex            #####...     43%         6    ######.
 Iron Shot                Conj/Erth      #####.....   43%         6    ######.
 Orb of Destruction       Conj           #####.....   95%         7    #######
 Spellforged Servitor     Conj/Summ      #####.....   95%         7    #######
 Shatter                  Erth           #####.....   100%        9    #######


Dungeon Overview and Level Annotations

Branches:
Dungeon (15/15)            Temple (0/1) D:7            Lair (6/6) D:10
 Shoals (1/4) Lair:2       Spider (4/4) Lair:4        Slime (0/5) Lair:6
    Orc (2/2) D:12            Elf (3/3) Orc:2        Vaults (0/5) D:14
 Depths (0/5) D:15

Altars:
Ashenzari
Cheibriados
Dithmenos
Fedhas
Gozag
Makhleb
Nemelex Xobeh
Qazlal
Trog
Uskayaw
Yredelemnul

Shops:
D:4 }   D:7 ?([}   D:9 *   D:12 *   Orc:2 (*?[*   Elf:2 :*(

Annotations:
D:15 2 transporters, destino's ghost, journeyman DsNe


Innate Abilities, Weirdness & Mutations

Your experience applies equally to all skills.
You have very sharp teeth.
Your uncanny sense of smell can sniff out nearby items.
You have claws for feet.
Potions are less effective at restoring your health.


Message History

Your killer bee barely misses the glowing orange brain.
You hit the war gargoyle but do no damage.
The war gargoyle is moderately damaged.
Your surroundings suddenly seem different.
Your resistance to elements expires.
You feel a bit more experienced.
The stone giant shouts!
You hear a shout!
You block the stone giant's attack.
You hit the stone giant.
You claw the stone giant, but do no damage.
You bite the stone giant, but do no damage.
The stone giant is lightly wounded.
You block the stone giant's attack.
Press: ? - help, v - describe, . - travel The floor.
Unknown command.
As you read the scroll of teleportation, it crumbles to dust.
You feel strangely unstable. The stone giant hits you!!
You die...
Your body glows with a rainbow of weird colours and disappears.

##......## ........2..
##....#yG# #......##
........2.... ##...#G'#
#..##..# ...###T..###..
#..##..#
....####...##.......##.
####... #.....#
..##.........## ...
#.#...#...#...........#
#....##..##...........##
..#..#...#.............#
..#..#...#......@C.....#
..#..#...#.............#
#....##..##...........##
#.#...#©###..##...##..#
#.....###.##.∆#####∆ ##
....###....##∆∆∆∆∆∆∆
#..##.......## ∆ ∆
#.......##...#
##.....###..##


You could see a moon troll, a cacodemon and a stone giant.

Vanquished Creatures
  Arachne (Spider:4)
  Rupert (D:13)
  A deep elf blademaster (Elf:2)
  Kirke (D:14)
  Agnes (D:14)
  A cacodemon (WizLab)
  7 emperor scorpions
  4 ghost moths (Spider:4)
  4 stone giants (WizLab)
  3 very ugly things (WizLab)
  A war gargoyle (WizLab)
  An entropy weaver (Spider:4)
  The ghost of NeAGen181 the Warrior, a journeyman HOFi (D:12)
  A spark wasp (Spider:4)
  Azrael (D:15)
  An ettin (D:15)
  Snorg (D:14)
  A deep elf death mage (Elf:2)
  A fire dragon (Lair:6)
  2 great orbs of eyes (WizLab)
  2 ice dragons
  Erolcha (Orc:1)
  4 hydras
  12 two-headed ogres
  A centaur warrior (D:15)
  14 dancing weapons
  3 ogre magi
  A tengu warrior (D:12)
  An orc high priest (Orc:2)
  Urug (D:11)
  15 deep elf knights
  A fire crab (shapeshifter) (D:12)
  3 glowing orange brains (WizLab)
  A wizard (D:14)
  2 unseen horrors
  A swamp dragon (Lair:6)
  An orange crystal statue (WizLab)
  11 deep elf archers
  Pikel (D:9)
  An orc knight (Orc:1)
  12 orb spiders
  25 wolf spiders
  31 deep elf magi
  5 orc sorcerers
  An ugly thing (D:13)
  5 manticores
  2 cyclopes
  Maurice (D:8)
  2 moths of wrath (Spider:4)
  3 torpor snails
  11 black mambas
  A water nymph (Lair:6)
  4 centaur skeletons
  12 spiny frogs
  A guardian serpent (Lair:6)
  2 eyes of devastation (WizLab)
  Psyche (D:10)
  4 komodo dragons
  3 gargoyles
  2 rime drakes
  10 demonic crawlers
  4 trolls
  23 jumping spiders
  A tengu conjurer (D:12)
  A queen bee (shapeshifter) (Elf:2)
  A hornet (shapeshifter) (D:13)
  18 hornets
  A meliai zombie (D:13)
  3 dream sheep (Lair:6)
  A hippogriff (shapeshifter) (D:15)
  15 slime creatures
  11 blink frogs
  7 hippogriffs
  A shadow (D:14)
  A centaur simulacrum (D:14)
  A water elemental (Elf:2)
  An air elemental (Elf:2)
  19 tarantellas
  7 wyverns
  41 redbacks
  30 yaks
  2 vampires
  3 wraiths
  4 humans (D:14)
  5 fire elementals (D:15)
  A hog (D:14)
  Grum (D:8)
  6 basilisks
  Eustachio (D:4)
  8 vampire mosquitoes
  A neqoxec (WizLab)
  5 steam dragons
  4 hungry ghosts
  A naga (Lair:4)
  6 wargs
  2 acid dragons
  A soldier ant (D:11)
  7 porcupines
  6 swamp drakes
  17 water moccasins
  A necrophage (D:8)
  4 phantoms
  16 orc warriors
  3 sky beasts
  2 ice beasts
  4 slaves (D:9)
  A black bear (D:10)
  9 ogres
  3 eyes of draining
  3 starcursed masses (WizLab)
  24 wolves
  4 boggarts (D:15)
  6 centaurs
  10 crocodiles
  2 big kobolds
  2 gnoll sergeants
  12 bullfrogs
  An earth elemental (Elf:2)
  9 scorpions
  28 killer bees
  11 wights
  3 howler monkeys
  2 electric eels
  4 centaur zombies
  4 crimson imps
  3 bullfrog zombies
  8 hounds
  10 jellies
  3 gnoll shamans
  6 orc priests
  3 bullfrog skeletons
  20 orc wizards
  4 iguanas
  4 hell rats (Lair:3)
  10 worker ants
  An ogre zombie (D:12)
  A hound zombie (D:5)
  2 hound skeletons
  2 worker ant zombies
  15 gnolls
  15 adders
  8 river rats (Lair:3)
  5 shadow imps
  An ooze (D:8)
  2 adder skeletons (D:4)
  2 worms
  5 dart slugs
  10 leopard geckos
  49 orcs
  2 bats (D:1)
  3 giant cockroaches
  10 hobgoblins
  3 jackals (D:1)
  10 kobolds
  5 quokkas
  5 ball pythons
  3 frilled lizards
  10 goblins
  A goblin zombie (D:12)
  A hobgoblin zombie (D:12)
  A leopard gecko skeleton (D:5)
  An orc skeleton (D:12)
  6 orc zombies (D:12)
  11 rats
  A fungus (Lair:6)
  A plant (Lair:6)
949 creatures vanquished.

Vanquished Creatures (collateral kills)
  Mara (Spider:4)
  2 tentacled starspawn (WizLab)
  Donald (Orc:2)
  2 stone giants (WizLab)
  An entropy weaver (Spider:2)
  Fannar (D:12)
  A hydra (Lair:2)
  A two-headed ogre (Orc:1)
  A dancing weapon (Elf:2)
  A wretched star (WizLab)
  A deep elf knight (Elf:2)
  A glowing orange brain (WizLab)
  6 deep elf magi (Elf:2)
  A deep elf archer (Elf:2)
  7 orb spiders
  7 wolf spiders
  2 orc sorcerers (Orc:2)
  An ugly thing (D:8)
  A moth of wrath (Spider:3)
  3 demonic crawlers
  4 jumping spiders
  A troll (Orc:2)
  A hornet (Spider:3)
  4 dream sheep (Lair:6)
  3 tarantellas
  12 redbacks
  A wraith (D:15)
  A wyvern (Lair:6)
  A steam dragon (Lair:6)
  A porcupine (Lair:3)
  5 orc warriors (Orc:2)
  A water moccasin (Lair:6)
  2 ogres
  2 starcursed masses (WizLab)
  A crocodile (Lair:6)
  A troll zombie (D:12)
  An electric eel (Spider:2)
  6 orc wizards
  6 orc priests (Orc:2)
  2 gnolls (Orc:2)
  A shadow imp (D:8)
  10 orcs (Orc:2)
  A hobgoblin zombie (D:12)
  2 starspawn tentacles (WizLab)
112 creatures vanquished.

Vanquished Creatures (others)
  2 deep elf knights (Elf:2)
  An unseen horror (Lair:6)
  A deep elf mage (Elf:2)
  A demonic crawler (Spider:1)
  A troll (D:12)
  A meliai (Lair:6)
  A jumping spider (Spider:1)
  A polar bear (Lair:6)
  A blink frog (Lair:3)
  3 slime creatures (D:12)
  2 tarantellas (Spider:3)
  8 redbacks
  A shadow (D:14)
  2 yaks (D:9)
  2 humans (D:14)
  2 dancing weapons
  2 vampire mosquitoes (D:12)
  A basilisk (Lair:6)
  A phantom (D:12)
  An eye of draining (Lair:6)
  3 wolves
  4 centaurs (D:12)
  A big kobold (D:12)
  2 troll zombies (D:12)
  4 howler monkeys
  2 orc priests
  3 orc wizards (Orc:2)
  4 ogre zombies (D:12)
  An adder (D:12)
  An ooze (Lair:5)
  6 ball lightnings
  9 orcs
  3 goblin zombies (D:12)
  2 hobgoblin skeletons (D:12)
  3 kobolds (D:12)
  6 orc skeletons (D:12)
  4 orc zombies (D:12)
  A bush (Lair:6)
  27 fungi
  26 plants
  4 starspawn tentacles (WizLab)
151 creatures vanquished.

Grand Total: 1212 creatures vanquished

Notes
Turn   | Place    | Note
-------+----------+-------------------------------------------
     0 | D:1      | FishyPogo the Gnoll Transmuter began the quest for the Orb.
     0 | D:1      | Reached XP level 1. HP: 17/17 MP: 6/6
    76 | D:1      | Reached XP level 2. HP: 22/23 MP: 7/7
   280 | D:1      | Reached XP level 3. HP: 19/28 MP: 7/9
   283 | D:1      | Reached skill level 5 in Spellcasting
   814 | D:2      | Reached skill level 1 in Invocations
   847 | D:2      | Learned a level 3 spell: Spider Form
   850 | D:2      | Learned a level 2 spell: Sticks to Snakes
   887 | D:2      | Reached skill level 1 in Short Blades
   887 | D:2      | Reached skill level 1 in Long Blades
   887 | D:2      | Reached skill level 1 in Axes
   887 | D:2      | Reached skill level 1 in Maces & Flails
   887 | D:2      | Reached skill level 1 in Polearms
   887 | D:2      | Reached skill level 1 in Staves
   887 | D:2      | Reached skill level 1 in Slings
   887 | D:2      | Reached skill level 1 in Bows
   887 | D:2      | Reached skill level 1 in Crossbows
   887 | D:2      | Reached skill level 1 in Throwing
   887 | D:2      | Reached skill level 1 in Armour
   887 | D:2      | Reached skill level 1 in Stealth
   887 | D:2      | Reached skill level 1 in Shields
   887 | D:2      | Reached skill level 1 in Evocations
   887 | D:2      | Reached XP level 4. HP: 28/34 MP: 9/11
  1055 | D:2      | Reached skill level 1 in Conjurations
  1055 | D:2      | Reached skill level 1 in Hexes
  1055 | D:2      | Reached skill level 1 in Charms
  1055 | D:2      | Reached skill level 1 in Summonings
  1055 | D:2      | Reached skill level 1 in Necromancy
  1055 | D:2      | Reached skill level 1 in Translocations
  1055 | D:2      | Reached skill level 1 in Fire Magic
  1055 | D:2      | Reached skill level 1 in Ice Magic
  1055 | D:2      | Reached skill level 1 in Air Magic
  1055 | D:2      | Reached skill level 1 in Earth Magic
  1055 | D:2      | Reached skill level 1 in Poison Magic
  1211 | D:2      | Reached XP level 5. HP: 28/40 MP: 10/12
  2162 | D:4      | Reached XP level 6. HP: 12/47 MP: 11/13
  2202 | D:4      | Found a shattered altar of Ashenzari.
  2227 | D:4      | Found Volixice's Gadget Emporium.
  2431 | D:4      | Found a stormy altar of Qazlal.
  2434 | D:4      | Noticed a water elemental
  2435 | D:4      | Noticed an air elemental
  2435 | D:4      | Noticed a fire elemental
  2467 | D:4      | Noticed Eustachio
  2479 | D:4      | Killed Eustachio
  2479 | D:4      | Reached skill level 5 in Dodging
  2479 | D:4      | Reached XP level 7. HP: 52/52 MP: 1/15
  2510 | D:4      | Found a bloodstained altar of Trog.
  3122 | D:5      | Entered Level 5 of the Dungeon
  3209 | D:5      | Found a hide-covered altar of Uskayaw.
  3293 | D:5      | Identified the +8 flail "Orb Guardian's Foe" {freeze, rElec
                  | rPois Str-4 Int+6}
  4092 | D:6      | Got an ivory short sword
  4093 | D:6      | Identified the cursed +1 short sword "Mimoz" {elec, rElec
                  | rN+} (You found it on level 6 of the Dungeon)
  4336 | D:6      | Reached XP level 8. HP: 25/60 MP: 16/16
  4592 | D:6      | Found a sparkling altar of Nemelex Xobeh.
  4758 | D:6      | Became a worshipper of Nemelex Xobeh the Trickster
  4780 | D:7      | Received a gift from Nemelex Xobeh
  4781 | D:7      | Found Cinla's Antique Armour Emporium.
  4827 | D:7      | Found Toehypam's Gadget Emporium.
  4851 | D:7      | Found Haesas Falur's Magic Scroll Emporium.
  4867 | D:7      | Found a staircase to the Ecumenical Temple.
  5282 | D:7      | Found Idagacue's Weapon Shop.
  5323 | D:7      | Reached skill level 5 in Transmutations
  5323 | D:7      | Reached XP level 9. HP: 66/66 MP: 15/18
  5591 | D:7      | Found a basalt altar of Yredelemnul.
  5745 | D:8      | Reached * piety under Nemelex Xobeh
  5774 | D:8      | Noticed a brown ugly thing
  5796 | D:8      | Killed a brown ugly thing
  5830 | D:8      | Reached skill level 5 in Fighting
  5831 | D:8      | Noticed Grum
  5843 | D:8      | Killed Grum
  5897 | D:8      | Reached skill level 5 in Invocations
  6006 | D:8      | Noticed Maurice
  6190 | D:8      | Found a burning altar of Makhleb.
  6196 | D:8      | Reached XP level 10. HP: 65/73 MP: 20/20
  6437 | D:8      | Learned a level 3 spell: Tukima's Dance
  6437 | D:8      | Found a shadowy altar of Dithmenos.
  6511 | D:8      | Killed Maurice
  6511 | D:8      | Reached skill level 5 in Short Blades
  6511 | D:8      | Reached skill level 5 in Long Blades
  6511 | D:8      | Reached skill level 5 in Axes
  6511 | D:8      | Reached skill level 5 in Maces & Flails
  6511 | D:8      | Reached skill level 5 in Polearms
  6511 | D:8      | Reached skill level 5 in Staves
  6511 | D:8      | Reached skill level 5 in Slings
  6511 | D:8      | Reached skill level 5 in Bows
  6511 | D:8      | Reached skill level 5 in Crossbows
  6511 | D:8      | Reached skill level 5 in Throwing
  6511 | D:8      | Reached skill level 5 in Armour
  6511 | D:8      | Reached skill level 5 in Stealth
  6511 | D:8      | Reached skill level 5 in Shields
  6511 | D:8      | Reached skill level 5 in Evocations
  6724 | D:8      | Learned a level 3 spell: Regeneration
  6985 | D:9      | Noticed a two-headed ogre
  6995 | D:9      | Killed a two-headed ogre
  7118 | D:9      | Received a gift from Nemelex Xobeh
  7193 | D:9      | Reached ** piety under Nemelex Xobeh
  7283 | D:9      | Learned a level 2 spell: Ensorcelled Hibernation
  7359 | D:9      | Noticed Pikel
  7384 | D:9      | Learned a level 1 spell: Animate Skeleton
  7405 | D:9      | Killed Pikel
  7419 | D:9      | Found Emniklet's Assorted Antiques.
  7473 | D:9      | Reached XP level 11. HP: 28/81 MP: 22/22
  7892 | D:10     | Entered Level 10 of the Dungeon
  7962 | D:10     | Found a staircase to the Lair.
  8010 | D:10     | Received a gift from Nemelex Xobeh
  8310 | D:10     | Noticed Psyche
  8321 | D:10     | Killed Psyche
  8321 | D:10     | Reached skill level 5 in Conjurations
  8321 | D:10     | Reached skill level 5 in Hexes
  8321 | D:10     | Reached skill level 5 in Charms
  8321 | D:10     | Reached skill level 5 in Summonings
  8321 | D:10     | Reached skill level 5 in Necromancy
  8321 | D:10     | Reached skill level 5 in Translocations
  8321 | D:10     | Reached skill level 5 in Fire Magic
  8321 | D:10     | Reached skill level 5 in Ice Magic
  8321 | D:10     | Reached skill level 5 in Air Magic
  8321 | D:10     | Reached skill level 5 in Earth Magic
  8321 | D:10     | Reached skill level 5 in Poison Magic
  9857 | D:11     | Noticed Urug
 10514 | D:11     | Noticed a two-headed ogre
 10725 | D:11     | Noticed a cyclops
 10760 | D:11     | Killed a cyclops
 10838 | D:11     | Killed Urug
 10859 | D:11     | Paralysed by a hornet for 2 turns
 10978 | D:11     | Reached XP level 12. HP: 70/91 MP: 24/24
 11100 | D:11     | Received a gift from Nemelex Xobeh
 11518 | D:11     | Killed a two-headed ogre
 11669 | Lair:1   | Entered Level 1 of the Lair of Beasts
 11685 | Lair:1   | Reached *** piety under Nemelex Xobeh
 12132 | Lair:1   | Got a steaming scale mail
 12143 | Lair:1   | Identified the +5 scale mail of the Wild Haggis {rN+ Str+4
                  | Dex+2} (You found it on level 1 of the Lair of Beasts)
 12217 | Lair:1   | Received a gift from Nemelex Xobeh
 12501 | Lair:2   | Noticed an eight-headed hydra
 12651 | Lair:2   | Found a staircase to the Shoals.
 13099 | Lair:2   | HP: 3/92 [eight-headed hydra (8)]
 13101 | Lair:2   | Killed a seven-headed hydra
 13260 | Lair:2   | Reached **** piety under Nemelex Xobeh
 13443 | Lair:2   | Received a gift from Nemelex Xobeh
 13502 | Lair:2   | Reached skill level 10 in Unarmed Combat
 13817 | Lair:3   | Received a gift from Nemelex Xobeh
 14162 | Lair:3   | Received a gift from Nemelex Xobeh
 14440 | Lair:3   | Reached XP level 13. HP: 47/98 MP: 26/26
 14662 | Lair:4   | Received a gift from Nemelex Xobeh
 14904 | Lair:4   | Found a hole to the Spider Nest.
 15219 | Lair:4   | Received a gift from Nemelex Xobeh
 15794 | Lair:5   | Reached ***** piety under Nemelex Xobeh
 15886 | Lair:5   | Received a gift from Nemelex Xobeh
 16070 | Lair:5   | Received a gift from Nemelex Xobeh
 16502 | Lair:6   | Entered Level 6 of the Lair of Beasts
 16625 | Lair:6   | Received a gift from Nemelex Xobeh
 16838 | Lair:6   | Found a staircase to the Slime Pits.
 17151 | Lair:6   | Reached skill level 10 in Spellcasting
 17271 | Lair:6   | Reached XP level 14. HP: 108/108 MP: 25/28
 17411 | Lair:6   | Identified the +4 executioner's axe "Pyst" {protect, rN+
                  | MR+}
 17466 | Lair:6   | Received a gift from Nemelex Xobeh
 17610 | Lair:6   | Reached skill level 10 in Dodging
 17731 | Lair:6   | Got a transparent ring mail
 17742 | Lair:6   | Identified the +1 ring mail "Jihif" {rN+++ MR- Int+3
                  | Stlth-} (You found it on level 6 of the Lair of Beasts)
 18526 | Shoals:1 | Entered Level 1 of the Shoals
 18698 | D:12     | Found a staircase to the Orcish Mines.
 18698 | D:12     | Noticed Fannar
 18704 | D:12     | Killed Fannar
 18879 | Orc:1    | Entered Level 1 of the Orcish Mines
 18914 | Orc:1    | Reached skill level 10 in Invocations
 18930 | Orc:1    | Noticed Erolcha
 18938 | Orc:1    | Killed Erolcha
 18943 | Orc:1    | Paralysed by an orc sorcerer for 3 turns
 19055 | Orc:1    | Received a gift from Nemelex Xobeh
 19327 | Orc:2    | Entered Level 2 of the Orcish Mines
 19391 | Orc:2    | Found Seoraju's Assorted Antiques.
 19500 | Orc:2    | Found a staircase to the Elven Halls.
 19520 | Orc:2    | Received a gift from Nemelex Xobeh
 19561 | Orc:2    | Bought a scroll of identify for 64 gold pieces
 19561 | Orc:2    | Bought a scroll of identify for 64 gold pieces
 19598 | Orc:2    | Learned a level 4 spell: Animate Dead
 20180 | Orc:2    | Noticed Donald
 20204 | Orc:2    | Killed Donald
 20248 | Orc:2    | Reached XP level 15. HP: 109/115 MP: 26/29
 20253 | Orc:2    | Found Ewnuakek's Armour Boutique.
 20253 | Orc:2    | Found Dablo's General Store.
 20254 | Orc:2    | Found Qiadumiw's Antique Weapon Shop.
 20257 | Orc:2    | Found Kameith's Magic Scroll Boutique.
 20261 | Orc:2    | Bought a potion of heal wounds for 55 gold pieces
 20782 | D:12     | Found a runed translucent gate.
 20782 | D:12     | Found a runed translucent gate.
 20782 | D:12     | Found an opulent altar of Gozag.
 20782 | D:12     | Found a runed translucent gate.
 20783 | D:12     | Found Kaggimare's Assorted Antiques.
 20783 | D:12     | Noticed NeAGen181's ghost (journeyman HOFi)
 20813 | D:12     | Received a gift from Nemelex Xobeh
 20831 | D:12     | Found the +12 Vampire's Tooth {vamp}
 21264 | D:13     | Reached skill level 10 in Fighting
 21845 | D:13     | Noticed Rupert
 21900 | D:13     | You fall through a shaft for 2 floors!
 21900 | D:15     | Entered Level 15 of the Dungeon
 22005 | D:14     | Received a gift from Nemelex Xobeh
 22096 | D:15     | Found a hide-covered altar of Uskayaw.
 22101 | D:14     | Noticed Agnes
 22418 | D:13     | Killed Rupert
 22424 | D:13     | Received a gift from Nemelex Xobeh
 22629 | D:14     | Noticed Kirke
 22655 | D:14     | Killed Kirke
 22664 | D:14     | Reached skill level 10 in Short Blades
 22664 | D:14     | Reached skill level 10 in Long Blades
 22664 | D:14     | Reached skill level 10 in Axes
 22664 | D:14     | Reached skill level 10 in Maces & Flails
 22664 | D:14     | Reached skill level 10 in Polearms
 22664 | D:14     | Reached skill level 10 in Staves
 22664 | D:14     | Reached skill level 10 in Slings
 22664 | D:14     | Reached skill level 10 in Bows
 22664 | D:14     | Reached skill level 10 in Crossbows
 22664 | D:14     | Reached skill level 10 in Throwing
 22664 | D:14     | Reached skill level 10 in Armour
 22664 | D:14     | Reached skill level 10 in Stealth
 22664 | D:14     | Reached skill level 10 in Shields
 22664 | D:14     | Reached skill level 10 in Evocations
 22695 | D:14     | Noticed Snorg
 22717 | D:14     | Killed Snorg
 22775 | D:14     | Killed Agnes
 22918 | D:14     | Found a snail-covered altar of Cheibriados.
 23330 | D:14     | Found a gate to the Vaults.
 23379 | D:14     | Received a gift from Nemelex Xobeh
 23742 | D:15     | Found a staircase to the Depths.
 23791 | D:15     | Noticed Azrael
 23834 | D:15     | Killed Azrael
 23864 | D:15     | Found a transporter.
 23888 | D:15     | Found a transporter.
 23889 | D:15     | Noticed destino's ghost (journeyman DsNe)
 24159 | D:15     | Found a blossoming altar of Fedhas.
 24170 | D:15     | Got a faintly glowing helmet
 24181 | D:15     | Identified the cursed +0 helmet of Vanity {Str+2} (You
                  | found it on level 15 of the Dungeon)
 24262 | D:15     | Paralysed by an orc sorcerer for 5 turns
 24272 | D:15     | Reached XP level 16. HP: 120/124 MP: 31/31
 24536 | D:12     | Learned a level 3 spell: Mephitic Cloud
 24541 | D:12     | Learned a level 4 spell: Olgreb's Toxic Radiance
 24580 | D:12     | Killed NeAGen181's ghost
 24610 | D:12     | Bought a scroll of identify for 68 gold pieces
 24613 | D:12     | Bought a papyrus book for 510 gold pieces
 24618 | D:12     | Learned a level 4 spell: Sticky Flame
 24837 | Spider:1 | Entered Level 1 of the Spider Nest
 25368 | Spider:2 | Received a gift from Nemelex Xobeh
 26090 | Spider:3 | Reached skill level 10 in Transmutations
 26310 | Spider:3 | Got a twisted scale mail
 26321 | Spider:3 | Identified the +2 scale mail "Muqucrack" {rElec MR+++ Int-4
                  | Dex-4} (You found it on level 3 of the Spider Nest)
 26436 | Spider:3 | Learned a level 4 spell: Summon Lightning Spire
 26448 | Spider:3 | Received a gift from Nemelex Xobeh
 26903 | Spider:3 | Reached XP level 17. HP: 103/131 MP: 23/33
 27027 | Spider:4 | Entered Level 4 of the Spider Nest
 27081 | Spider:4 | Reached ****** piety under Nemelex Xobeh
 27361 | Spider:4 | Noticed Mara
 27366 | Spider:4 | Noticed FishyPogo's illusion
 27435 | Spider:4 | Received a gift from Nemelex Xobeh
 27472 | Spider:4 | Noticed Arachne
 27587 | Spider:4 | Killed Mara
 28114 | Spider:4 | Killed Arachne
 28226 | Spider:4 | Got a gossamer rune of Zot
 28478 | Spider:4 | Received a gift from Nemelex Xobeh
 28915 | Elf:1    | Entered Level 1 of the Elven Halls
 28977 | Elf:2    | Found Oqy Deuhox's Weapon Emporium.
 29094 | Elf:2    | Reached skill level 10 in Conjurations
 29094 | Elf:2    | Reached skill level 10 in Hexes
 29094 | Elf:2    | Reached skill level 10 in Charms
 29094 | Elf:2    | Reached skill level 10 in Summonings
 29094 | Elf:2    | Reached skill level 10 in Necromancy
 29094 | Elf:2    | Reached skill level 10 in Translocations
 29094 | Elf:2    | Reached skill level 10 in Fire Magic
 29094 | Elf:2    | Reached skill level 10 in Ice Magic
 29094 | Elf:2    | Reached skill level 10 in Air Magic
 29094 | Elf:2    | Reached skill level 10 in Earth Magic
 29094 | Elf:2    | Reached skill level 10 in Poison Magic
 29294 | Elf:2    | Reached XP level 18. HP: 131/140 MP: 34/34
 29395 | Elf:2    | Found Lodd's Assorted Antiques.
 29401 | Elf:2    | Found Xataenn's Book Shop.
 29413 | Elf:2    | Bought a potion of heal wounds for 170 gold pieces
 29626 | Elf:2    | Found a runed translucent gate.
 29628 | Elf:2    | Found a runed translucent gate.
 29631 | Elf:2    | Found a runed translucent gate.
 29915 | Elf:2    | Noticed a deep elf blademaster
 29926 | Elf:2    | Killed a deep elf blademaster
 30074 | Elf:2    | Received a gift from Nemelex Xobeh
 30262 | Elf:3    | Entered Level 3 of the Elven Halls
 30361 | Elf:3    | Found a magical portal.
 30366 | WizLab   | Entered Lehudib's Moon Base
 30830 | WizLab   | Identified the +8 flail "Qadut" {pain, Int+5 Dex+4}
 30830 | WizLab   | Noticed a moon troll
 31106 | WizLab   | Got a crude tin ring
 31131 | WizLab   | Identified the ring "Xaub" {rC++ Str-2 Int+5 SInv} (You
                  | found it in a wizard's laboratory)
 31166 | WizLab   | Gained mutation: Potions are less effective at restoring
                  | your health. [a cacodemon]
 31193 | WizLab   | Mangled by a stone giant

Skill      XL: |  1  2  3  4  5  6  7  8  9 10 11 12 13 14 15 16 17 18 |
---------------+-------------------------------------------------------+-----
Spellcasting   | 5 6 7 8 9 10 11 12 13 | 13.0
Invocations    | 1 2 3 4 5 6 7 8 9 10 11 12 13 | 13.2
Short Blades   | 1 2 3 4 5 6 7 8 9 10 11 12 | 12.2
Long Blades    | 1 2 3 4 5 6 7 8 9 10 11 12 | 12.2
Axes           | 1 2 3 4 5 6 7 8 9 10 11 12 | 12.2
Maces & Flails | 1 2 3 4 5 6 7 8 9 10 11 12 | 12.2
Polearms       | 1 2 3 4 5 6 7 8 9 10 11 12 | 12.2
Staves         | 1 2 3 4 5 6 7 8 9 10 11 12 | 12.2
Slings         | 1 2 3 4 5 6 7 8 9 10 11 12 | 12.2
Bows           | 1 2 3 4 5 6 7 8 9 10 11 12 | 12.2
Crossbows      | 1 2 3 4 5 6 7 8 9 10 11 12 | 12.2
Throwing       | 1 2 3 4 5 6 7 8 9 10 11 12 | 12.2
Armour         | 1 2 3 4 5 6 7 8 9 10 11 12 | 12.2
Stealth        | 1 2 3 4 5 6 7 8 9 10 11 12 | 12.2
Shields        | 1 2 3 4 5 6 7 8 9 10 11 12 | 12.2
Evocations     | 1 2 3 4 5 6 7 8 9 10 11 12 | 12.2
Conjurations   | 1 2 3 4 5 6 7 8 9 10 | 10.4
Hexes          | 1 2 3 4 5 6 7 8 9 10 | 10.4
Charms         | 1 2 3 4 5 6 7 8 9 10 | 10.4
Summonings     | 1 2 3 4 5 6 7 8 9 10 | 10.4
Necromancy     | 1 2 3 4 5 6 7 8 9 10 | 10.4
Translocations | 1 2 3 4 5 6 7 8 9 10 | 10.4
Fire Magic     | 1 2 3 4 5 6 7 8 9 10 | 10.4
Ice Magic      | 1 2 3 4 5 6 7 8 9 10 | 10.4
Air Magic      | 1 2 3 4 5 6 7 8 9 10 | 10.4
Earth Magic    | 1 2 3 4 5 6 7 8 9 10 | 10.4
Poison Magic   | 1 2 3 4 5 6 7 8 9 10 | 10.4
Fighting       | 3 4 5 6 7 8 9 10 11 12 | 12.4
Transmutations | 4 5 6 7 8 9 10 11 | 11.1
Dodging        | 5 6 7 8 9 10 11 12 | 12.9
Unarmed Combat | 7 8 9 10 11 12 13 | 13.5

Action                   |  1- 3 |  4- 6 |  7- 9 | 10-12 | 13-15 | 16-18 || total
-------------------------+-------+-------+-------+-------+-------+-------++-------
Melee: Unarmed           |    70 |   115 |    35 |    41 |    12 |       ||   273
       Kick              |     6 |     8 |    15 |       |       |   229 ||   258
       Bite              |     2 |     7 |    23 |    76 |   281 |   328 ||   717
       Punch             |     1 |     6 |     8 |     2 |       |       ||    17
       Headbutt          |     2 |     5 |     2 |    61 |   124 |       ||   194
       Short sword       |       |     5 |    54 |    21 |       |       ||    80
       Flail             |       |       |   156 |   600 |   788 |       ||  1544
       Quick blade       |       |       |       |       |   697 |  1415 ||  2112
Throw: Stone             |       |     1 |    44 |    19 |    39 |     3 ||   106
       Javelin           |       |       |     2 |    47 |     1 |    42 ||    92
       Tomahawk          |       |       |       |    81 |    61 |       ||   142
       Throwing net      |       |       |       |     2 |       |       ||     2
 Cast: Beastly Appendage |    15 |    17 |    14 |    46 |    40 |    21 ||   153
       Sticks to Snakes  |     1 |       |     1 |     2 |       |       ||     4
       Spider Form       |       |     4 |     4 |     4 |     1 |       ||    13
       Regeneration      |       |       |       |     3 |    10 |    12 ||    25
       Tukima's Dance    |       |       |       |     3 |     1 |     1 ||     5
       Ensorcelled Hiber |       |       |       |    17 |     2 |     2 ||    21
       Animate Dead      |       |       |       |       |     4 |    31 ||    35
       Olgreb's Toxic Ra |       |       |       |       |       |    60 ||    60
       Summon Lightning  |       |       |       |       |       |    13 ||    13
       Mephitic Cloud    |       |       |       |       |       |    11 ||    11
       Animate Skeleton  |       |       |       |       |       |     1 ||     1
Invok: Deal Four         |       |       |       |       |     8 |     5 ||    13
       Triple Draw       |       |       |       |       |     2 |       ||     2
 Abil: Draw Destruction  |       |       |     5 |     8 |    10 |    30 ||    53
       Draw Summoning    |       |       |     3 |     1 |     7 |     1 ||    12
       End Transformatio |       |       |       |     3 |     1 |       ||     4
       Draw Escape       |       |       |       |     1 |     3 |     2 ||     6
Evoke: Phial of floods   |       |       |       |       |     2 |     5 ||     7
       Lamp of fire      |       |       |       |       |       |     5 ||     5
       Wand              |       |       |       |       |       |     1 ||     1
       Phantom mirror    |       |       |       |       |       |     1 ||     1
  Use: Scroll            |       |       |     8 |    10 |    14 |     7 ||    39
       Potion            |       |       |     1 |     7 |       |     7 ||    15
 Stab: Sleeping          |     2 |     6 |     4 |    15 |    14 |     9 ||    50
       Distracted        |       |       |       |     3 |     2 |    22 ||    27
       Petrified         |       |       |       |       |       |     3 ||     3
       Held in net/web   |       |       |       |       |       |     2 ||     2
       Confused          |       |       |       |       |       |     5 ||     5
  Eat: Chunk             |       |     5 |    15 |    25 |    28 |    21 ||    94
       Ration            |       |       |       |     1 |     3 |     3 ||     7
Armor: Robe              |     6 |     3 |       |       |       |       ||     9
       Skin              |       |     2 |     1 |     2 |       |       ||     5
       Leather armour    |       |       |    41 |    89 |       |       ||   130
       Scale mail        |       |       |       |    56 |   278 |   250 ||   584
Dodge: Dodged            |    43 |    94 |   221 |   464 |   579 |   602 ||  2003
       Deflected         |       |       |     2 |     5 |    20 |       ||    27
Block: Shield            |       |       |       |   372 |   707 |   691 ||  1770
